cohdb
Replays
Latest Replays
All Replays
Popular Replays
Top Player Replays
Match Explorer
How It Works
Community
CoH3 Stats
Reddit
Sign in to upload your games and track your stats! →
Sign in with Steam
Match 38836441
Unlisted
Match 38836441
Overview
Messages
Build Orders
End
Selects Australian Defense Battlegroup
Selects Australian Light Infantry Section
Australian Light Infantry Section
Construct Section Command Post
Vickers Machine Gun Team
Construct Section Command Post
ML 3-inch Mortar Team
Selects Defensive Tactics
Construct Platoon Command Post
Humber Armored Car
Australian Light Infantry Section
Selects CMP 15cwt Supply Run
Construct Company Command Post
Selects Reinforced Resource Caches
Crusader II Medium Tank
Crusader II Medium Tank
Foot Guards Section
Crusader II Medium Tank
CMP 15cwt Truck
Forward Retreat Point
miesmenes121
Pawn
★ Bab00n ★
Mael Radec
BaconKing
aldivx
Papery_hertz0
Vladislav
0
0
Comments
sign in to comment!
No comments posted yet!